 Dungeon Crawl Stone Soup version 0.28.0 (webtiles) character file.

Game seed: 7065609623554712148

8048 hikkokomori the Blocker (level 11, -14/89 HPs)
             Began as a Formicid Fighter on Feb 11, 2022.
             Was a High Priest of Okawaru.
             Demolished by a two-headed ogre (22 damage)
             ... on level 10 of the Dungeon on Feb 12, 2022.
             The game lasted 00:25:12 (9076 turns).

hikkokomori the Blocker (Formicid Fighter)          Turns: 9076, Time: 00:25:13

Health: -14/89     AC: 26    Str: 24    XL:     11   Next: 48%
Magic:  13/13      EV:  7    Int:  9    God:    Okawaru [*****.]
Gold:   502        SH: 17    Dex: 10    Spells: 10/10 levels left

rFire   . . .      SeeInvis +   v - +0 halberd (elec)
rCold   . . .      Faith    .   M - +2 kite shield {AC+3}
rNeg    . . .      Spirit   .   t - +0 chain mail
rPois   .          Reflect  +   (helmet unavailable)
rElec   .          Harm     .   g - +1 cloak {Stlth+}
rCorr   .          Rampage  .   (no gloves)
Will    +....                   h - +0 pair of boots
Stlth   ..........              i - amulet of reflection
HPRegen 0.24/turn               F - +4 ring of protection
MPRegen 0.13/turn               A - +4 ring of protection

@: no status effects
A: permanent stasis, dig shafts and tunnels, antennae 3, four strong arms
a: Dig, Shaft Self, Renounce Religion, Heroism, Finesse, Duel


You were on level 10 of the Dungeon.
You worshipped Okawaru.
Okawaru was extremely pleased with you.
You visited 2 branches of the dungeon, and saw 11 of its levels.
You also visited: Ossuary.

You collected 725 gold pieces.
You spent 223 gold pieces at shops.

Inventory:

Hand Weapons
 a - a +0 quarterstaff
 v - a +0 halberd of electrocution (weapon)
 H - a +4 great sword of freezing
Missiles
 n - 4 curare-tipped darts
 B - 3 silver javelins
 I - 3 atropa-tipped darts
 L - 3 boomerangs
Armour
 g - a +1 cloak of stealth (worn)
 h - a +0 pair of boots (worn)
 t - a +0 chain mail (worn)
 M - a +2 kite shield of protection (worn)
Jewellery
 i - an amulet of reflection (around neck)
 m - a +6 ring of intelligence
 r - a ring of ice
 A - a +4 ring of protection (right hand)
 F - a +4 ring of protection (left hand)
Wands
 e - a wand of digging (4)
 u - a wand of acid (4)
 D - a wand of iceblast (4)
Scrolls
 f - 2 scrolls of holy word
 j - 3 scrolls of enchant armour
 l - a scroll of amnesia
 s - 3 scrolls of noise
 y - a scroll of enchant weapon
 G - a scroll of identify
 J - a scroll of summoning
 K - a scroll of immolation {unknown}
Potions
 b - a potion of magic
 c - a potion of attraction
 d - 2 potions of might
 k - 3 potions of curing
 o - 2 potions of mutation
 p - 6 potions of lignification
 w - 4 potions of flight
 x - a potion of degeneration
 z - a potion of haste
 C - a potion of berserk rage
 E - 2 potions of heal wounds


   Skills:
 + Level 9.3 Fighting
 - Level 2.8 Long Blades
 + Level 6.1(6.5) Polearms
 - Level 3.5(5.3) Staves
 + Level 9.3 Armour
 + Level 9.9 Shields
 + Level 3.4 Invocations
 - Level 7.0 Evocations


You had 10 spell levels left.
You didn't know any spells.
Your spell library contained the following spells:

 Spells                   Type           Power      Damage    Failure   Level
 Foxfire                  Conj/Fire      0%         2x1d4     99%         1
 Static Discharge         Conj/Air       0%         N/A       99%         2
 Conjure Flame            Conj/Fire      0%         6-21      100%        3
 Inner Flame              Hex/Fire       0%         N/A       100%        3
 Flame Wave               Conj/Fire      0%         2d4       100%        4
 Passage of Golubria      Tloc           0%         N/A       100%        4
 Lightning Bolt           Conj/Air       0%         1d11      100%        5
 Yara's Violent Unravell  Hex/Tmut       0%         3d3       100%        5
 Maxwell's Capacitive Co  Air            0%         ∞         100%        8
 Tukima's Dance           Hex            Unusable   N/A       N/A         3

Dungeon Overview and Level Annotations

Branches:
Dungeon (10/15)            Temple (1/1) D:4            Lair (0/6) D:10
Ossuary (visited)
    Orc: D:9-12

Altars:
Ashenzari
Cheibriados
Dithmenos
Elyvilon
Fedhas
Gozag
Hepliaklqana
Kikubaaqudgha
Makhleb
Nemelex Xobeh
Okawaru
Qazlal
Ru
Sif Muna
Trog
Uskayaw
Vehumet
Wu Jian
Xom
Yredelemnul
Zin
The Shining One

Shops:
D:2 ([(   D:5 *

Annotations:
D:6 2 runed translucent doors, Jase's ghost, novice KoEn
D:8 exclusion: ice statue


Innate Abilities, Weirdness & Mutations

You cannot be hasted, slowed, berserked, paralysed or teleported.
You can dig through walls and to a lower floor.
You have a pair of large antennae on your head. (SInv)
Your four strong arms can wield two-handed weapons with a shield.


Message History

The two-headed ogre is no longer moving slowly.
You block the yak's attack.
The two-headed ogre hits you but does no damage.
The two-headed ogre closely misses you. The yak gores you.
You barely miss the two-headed ogre.
The two-headed ogre is moderately wounded.
You block the yak's attack. You block the two-headed ogre's attack.
The two-headed ogre hits you but does no damage.
You puncture the two-headed ogre!
Lightning courses through the two-headed ogre!
The two-headed ogre is severely wounded.
The yak gores you!
You block the two-headed ogre's attack. x2
You barely miss the two-headed ogre.
The two-headed ogre is severely wounded.
You block the yak's attack. You block the two-headed ogre's attack.
The two-headed ogre hits you with a +0 giant spiked club!
The yak completely misses you.
You barely miss the two-headed ogre.
The two-headed ogre is severely wounded.
The two-headed ogre hits you with a +0 giant club!!
You block the two-headed ogre's attack. You block the yak's attack.
Unknown command.
You hit the two-headed ogre.
The two-headed ogre is severely wounded.
You block the yak's attack. The two-headed ogre barely misses you.
You block the two-headed ogre's attack.
You barely miss the two-headed ogre.
The two-headed ogre is severely wounded.
The two-headed ogre looks more healthy.
You block the yak's attack.
The two-headed ogre hits you with a +0 giant club!!
* * * LOW HITPOINT WARNING * * *
The two-headed ogre hits you with a +0 giant spiked club.
* * * LOW HITPOINT WARNING * * *
You hit the two-headed ogre.
Lightning courses through the two-headed ogre!
The two-headed ogre is almost dead.
The yak gores you.
* * * LOW HITPOINT WARNING * * *
The two-headed ogre hits you with a +0 giant club!!
You die...

### ##### #####
.####..##...###...######
.......(#..>.'....##.>.##
........+....#...........
........#....#...........
.......Y#....#...........
.#######@)...####+##....#
...###O...##..(###+###
................#.....
......(.........#.....
.......[........#.....
................#....#
##.####...##...###'###
##+####...##...##....#
..........(...........


You could see a two-headed ogre and a yak.

Vanquished Creatures
  2 two-headed ogres
  2 tengu warriors (D:10)
  Pikel (D:9)
  A troll (D:10)
  Prince Ribbit (D:6)
  A vampire (D:10)
  A shadow (D:10)
  2 wyverns (D:10)
  7 yaks
  A basilisk (D:10)
  2 water moccasins
  An ice beast (D:6)
  2 ogres
  2 wolves (D:10)
  3 centaurs
  A lemure (D:9)
  A phantom (D:5)
  2 kobold brigands
  A bullfrog (D:7)
  A gnoll sergeant (D:8)
  2 scorpions (D:5)
  A water moccasin zombie (D:6)
  A water moccasin skeleton (D:7)
  9 killer bees
  4 wights (D:6)
  3 howler monkeys
  2 electric eels (D:10)
  A bullfrog zombie (D:6)
  3 centaur zombies
  4 hounds
  3 jellies
  An orc priest (D:5)
  A centaur skeleton (D:5)
  Jessica (D:2)
  2 bullfrog skeletons
  An iguana (D:4)
  3 orc wizards
  8 mummies (Ossuary)
  12 gnolls
  5 adders
  A white imp (D:8)
  An ufetubus (D:6)
  A dart slug (D:5)
  11 orcs
  7 endoplasms
  A giant cockroach (D:1)
  2 gnoll zombies (Ossuary)
  7 goblins
  5 hobgoblins
  15 kobolds
  2 quokkas
  5 ball pythons
  3 bats
  3 frilled lizards
  2 hobgoblin zombies (Ossuary)
  3 kobold zombies (Ossuary)
  An orc zombie (Ossuary)
  6 rats
178 creatures vanquished.

Notes
Turn   | Place    | Note
-------+----------+-------------------------------------------
     0 | D:1      | hikkokomori the Formicid Fighter began the quest for the
                  | Orb.
     0 | D:1      | Reached XP level 1. HP: 18/18 MP: 1/1
   174 | D:1      | Reached XP level 2. HP: 22/24 MP: 2/2
   669 | D:1      | Reached XP level 3. HP: 23/29 MP: 3/3
   991 | D:2      | Noticed Jessica
   994 | D:2      | Killed Jessica
   995 | D:2      | Reached XP level 4. HP: 37/37 MP: 4/4
  1018 | D:2      | Found Zimmul's Weapon Shop.
  1338 | D:2      | Found a faded altar of an unknown god.
  1348 | D:2      | Found Barufean's Armour Shoppe.
  1448 | D:2      | Found Yrimuplenan's Antique Weapon Shop.
  1972 | D:3      | Reached XP level 5. HP: 42/42 MP: 5/5
  2010 | D:3      | Found a burning altar of Makhleb.
  2603 | D:4      | Noticed an ogre
  2610 | D:4      | Killed an ogre
  2611 | D:4      | Reached XP level 6. HP: 49/49 MP: 6/6
  2945 | D:4      | Found a staircase to the Ecumenical Temple.
  2956 | Temple   | Entered the Ecumenical Temple
  3115 | Temple   | Became a worshipper of Warmaster Okawaru
  3244 | D:5      | Entered Level 5 of the Dungeon
  3247 | D:5      | Found a sand-covered staircase.
  3254 | D:5      | Reached skill level 1 in Evocations
  3281 | D:5      | Reached skill level 5 in Fighting
  3281 | D:5      | Reached skill level 5 in Armour
  3281 | D:5      | Reached skill level 5 in Shields
  3281 | D:5      | Reached XP level 7. HP: 37/56 MP: 7/7
  3310 | Ossuary  | Entered an ossuary
  3604 | D:5      | Reached * piety under Okawaru
  3605 | D:5      | Reached skill level 1 in Polearms
  3702 | D:5      | Reached XP level 8. HP: 63/63 MP: 8/8
  3891 | D:5      | Found Hileul's General Store.
  3899 | D:5      | Bought a potion of curing for 42 gold pieces
  4277 | D:2      | Bought a +1 cloak of stealth for 181 gold pieces
  4353 | D:6      | Noticed Prince Ribbit
  4361 | D:6      | Killed Prince Ribbit
  4368 | D:6      | Reached ** piety under Okawaru
  4430 | D:6      | Found a runed translucent door.
  4485 | D:6      | Reached XP level 9. HP: 56/70 MP: 9/9
  4621 | D:6      | Noticed Jase's ghost (novice KoEn)
  5091 | D:6      | Found a runed translucent door.
  5421 | D:7      | Reached skill level 1 in Long Blades
  5765 | D:7      | Identified the +6 long sword of Doom {pain, Stlth+}
  5802 | D:7      | Reached *** piety under Okawaru
  5971 | D:8      | Reached skill level 5 in Evocations
  6108 | D:8      | Reached XP level 10. HP: 68/79 MP: 10/10
  6208 | D:8      | Noticed an ice devil
  6212 | D:8      | Noticed an ice devil
  6213 | D:8      | Noticed an ice statue
  6449 | D:8      | Reached **** piety under Okawaru
  6770 | D:8      | Noticed an ice devil
  6770 | D:8      | Noticed an ice devil
  6775 | D:8      | Noticed an ice devil
  7059 | D:8      | Noticed a two-headed ogre
  7069 | D:8      | Killed a two-headed ogre
  7593 | D:9      | Noticed a two-headed ogre
  7601 | D:9      | Killed a two-headed ogre
  7601 | D:9      | Received a gift from Okawaru
  7793 | D:9      | Noticed Pikel
  7812 | D:9      | Killed Pikel
  7812 | D:9      | Reached ***** piety under Okawaru
  8091 | D:9      | Reached skill level 5 in Polearms
  8435 | D:10     | Entered Level 10 of the Dungeon
  8469 | D:10     | Reached XP level 11. HP: 87/87 MP: 11/11
  8517 | D:10     | Reached skill level 1 in Invocations
  8735 | D:10     | Found a staircase to the Lair.
  8787 | D:10     | Received a gift from Okawaru
  8973 | D:10     | Noticed a tengu warrior
  8975 | D:10     | Noticed a tengu warrior
  8982 | D:10     | Killed a tengu warrior
  8983 | D:10     | Killed a tengu warrior
  9051 | D:10     | Identified the +0 kite shield of Inquiry {Rampage Int-4
                  | Dex+7} (Okawaru gifted it to you on level 10 of the
                  | Dungeon)
  9051 | D:10     | Received a gift from Okawaru
  9061 | D:10     | Noticed a two-headed ogre
  9076 | D:10     | Demolished by a two-headed ogre

Illustrated notes

Levels and vault maps discovered:
D:1:      wander_arrival_abandoned_jail, layout_loops_ring,
          grunt_decor_junction, kennysheep_another_room
D:2:      layout_basic, serial_shops, nicolae_shop_stone,
          nicolae_shop_waterfront, shop,
          dreamdust_ecumenical_altar_angels_and_demons, minmay_tiny_reverse_x,
          uniq_jessica
D:3:      layout_basic, bloody_makhleb
D:4:      layout_loops_corners, minmay_temple_entry_mist
D:5:      layout_rooms, lightli_ossuary_entry_decrepit_ruins, serial_shops, shop
D:6:      layout_cave_pools, ebering_ghost_sewer_f, uniq_prince_ribbit1
D:7:      layout_basic
D:8:      cheibrodos_frozen_isle, layout_loops_ring, lemuel_flame_loot_1
D:9:      layout_long_grid, uniq_pikel
D:10:     layout_gridville, erik_lair_island, hellmonk_ghost_happy_afterlife
Temple:   nicolae_temple_the_god_donut

Skill      XL: |  1  2  3  4  5  6  7  8  9 10 11 |
---------------+----------------------------------+-----
Shields        | 4 5 6 7 9 |  9.9
Armour         | 4 5 6 7 8 9 |  9.3
Fighting       | 4 5 6 7 8 9 |  9.3
Staves         | 3 |  3.5
Evocations     | 1 2 4 5 7 |  7.0
Polearms       | 1 3 5 6 |  6.1
Long Blades    | 2 |  2.8
Invocations    | 3 |  3.4

Action                   |  1- 3 |  4- 6 |  7- 9 | 10-12 || total
-------------------------+-------+-------+-------+-------++-------
Melee: Quarterstaff      |    75 |    95 |     6 |       ||   176
       Halberd           |       |       |   237 |   246 ||   483
Throw: Dart              |       |     1 |     3 |     6 ||    10
Invok: Heroism           |       |       |       |     2 ||     2
 Abil: Dig               |       |     1 |     3 |     4 ||     8
Evoke: Wand              |       |     2 |     6 |    10 ||    18
  Use: Potion            |       |       |     1 |       ||     1
       Scroll            |       |       |    14 |     8 ||    22
Armor: Scale mail        |    36 |    17 |       |       ||    53
       Chain mail        |       |    11 |   118 |   153 ||   282
Dodge: Dodged            |    24 |    25 |    74 |    79 ||   202
Block: Buckler           |    12 |    26 |       |       ||    38
       Kite shield       |       |    23 |   214 |   272 ||   509
       Reflection        |       |     1 |     2 |     2 ||     5
